 Dungeon Crawl Stone Soup version 0.28.0-45-g0d030f2227 (webtiles) character file.

Game seed: 101745460596400559

99855 Peloso the Peltast (level 15, -3/138 HPs)
             Began as a Minotaur Fighter on Apr 2, 2022.
             Was a High Priest of Okawaru.
             Slain by a caustic shrike simulacrum (8 damage)
             ... in an ice cave.
             The game lasted 01:20:02 (33007 turns).

Peloso the Peltast (Minotaur Fighter)              Turns: 33007, Time: 01:20:03

Health: -3/138     AC: 25    Str: 26    XL:     15   Next: 78%
Magic:  16/16      EV:  7    Int:  5    God:    Okawaru [*****.]
Gold:   2350       SH: 26    Dex: 12    Spells: 14/14 levels left

rFire   x . .      SeeInvis .   c - +4 scimitar (flame)
rCold   + + .      Faith    .   d - +0 tower shield
rNeg    + . .      Spirit   .   Y - +0 ice dragon scales
rPois   .          Reflect  +   I - +2 hat
rElec   .          Harm     .   E - +1 cloak
rCorr   .          Rampage  .   U - +2 pair of gloves "Xaewesovua" {Will+}
Will    ++...                   g - +0 pair of boots
Stlth   ..........              O - amulet of reflection
HPRegen 0.33/turn               v - ring of flight
MPRegen 0.15/turn               t - ring of positive energy

@: flying, hasted, constricted, very quick
A: horns 2, retaliatory headbutt
a: Renounce Religion, Heroism, Finesse, Duel


You were in an ice cave.
You worshipped Okawaru.
Okawaru was extremely pleased with you.
You visited 4 branches of the dungeon, and saw 23 of its levels.
You also visited: Ossuary, Bailey and Ice Cave.

You collected 2483 gold pieces.
You spent 133 gold pieces at shops.

Inventory:

Hand Weapons
 a - a +0 double sword
 b - a +2 falchion of electrocution
 c - a +4 scimitar of flaming (weapon)
Armour
 d - a +0 tower shield (worn)
 g - a +0 pair of boots (worn)
 C - the +7 plate armour of Gallantry {rC+ Will- Int+2}
   (Okawaru gifted it to you on level 3 of the Lair of Beasts)

   Int:       It affects your intelligence (+2).
   rC:        It protects you from cold.
   Will:      It decreases your willpower.
 E - a +1 cloak (worn)
 I - a +2 hat (worn)
 P - a +2 chain mail of fire resistance
 R - +0 fire dragon scales
 U - the +2 pair of gloves "Xaewesovua" (worn) {Will+}
   (Okawaru gifted it to you on level 11 of the Dungeon)

   Will:      It increases your willpower.
 Y - +0 ice dragon scales (worn)
 Z - a +1 crystal plate armour
Jewellery
 t - a ring of positive energy (right hand)
 v - a ring of flight (left hand)
 F - a ring of ice
 O - an amulet of reflection (around neck)
 V - a ring of protection from fire
Wands
 o - a wand of mindburst (20)
 u - a wand of charming (11)
 N - a wand of iceblast (8)
 T - a wand of acid (13)
Scrolls
 f - a scroll of brand weapon
 k - 4 scrolls of blinking
 l - 2 scrolls of fear
 m - 2 scrolls of immolation
 n - 3 scrolls of enchant armour
 q - 4 scrolls of fog
 r - 8 scrolls of teleportation
 y - 6 scrolls of enchant weapon
 B - 2 scrolls of holy word
 L - a scroll of magic mapping
 S - a scroll of acquirement {unknown}
 W - a scroll of summoning
 X - 2 scrolls of noise
Potions
 e - 5 potions of attraction
 h - 5 potions of mutation
 j - a potion of haste
 s - 2 potions of flight
 w - a potion of berserk rage
 x - 12 potions of ambrosia
 z - 4 potions of curing
 A - 4 potions of resistance
 D - 2 potions of invisibility
 H - 5 potions of might
 K - 5 potions of brilliance {unknown}
 M - 2 potions of cancellation {unknown}


   Skills:
 + Level 14.1 Fighting
 + Level 17.2 Long Blades
 + Level 15.4 Armour
 + Level 2.8 Dodging
 + Level 1.8 Stealth
 + Level 20.6 Shields
 + Level 3.2 Invocations
 + Level 1.7 Evocations


You had 14 spell levels left.
You didn't know any spells.
Your spell library contained the following spells:

 Spells                   Type           Power      Damage    Failure   Level
 Apportation              Tloc           0%         N/A       91%         1
 Beastly Appendage        Tmut           0%         N/A       91%         1
 Sandblast                Erth           0%         2d4       91%         1
 Blink                    Tloc           0%         N/A       97%         2
 Ensorcelled Hibernation  Hex/Ice        0%         N/A       97%         2
 Passwall                 Tmut/Erth      0%         N/A       97%         2
 Static Discharge         Conj/Air       0%         N/A       97%         2
 Wereblood                Tmut           0%         N/A       97%         2
 Frozen Ramparts          Ice            0%         1d2       99%         3
 Lesser Beckoning         Tloc           0%         N/A       99%         3
 Portal Projectile        Hex/Tloc       0%         N/A       99%         3
 Spider Form              Tmut/Pois      0%         N/A       99%         3
 Stone Arrow              Conj/Erth      0%         3d7       99%         3
 Swiftness                Air            0%         N/A       99%         3
 Fulminant Prism          Conj/Hex       0%         3d6       100%        4
 Ice Form                 Ice/Tmut       0%         N/A       100%        4
 Iskenderun's Mystic Bla  Conj/Tloc      0%         2d3       100%        4
 Olgreb's Toxic Radiance  Pois           0%         N/A       100%        4
 Petrify                  Tmut/Erth      0%         N/A       100%        4
 Blade Hands              Tmut           0%         N/A       100%        5
 Excruciating Wounds      Necr           0%         N/A       100%        5
 Lee's Rapid Deconstruct  Erth           0%         3d5*      100%        5
 Lightning Bolt           Conj/Air       0%         1d11      100%        5
 Manifold Assault         Tloc           0%         N/A       100%        5
 Eringya's Noxious Bog    Tmut/Pois      0%         N/A       100%        6
 Dragon Form              Tmut           0%         N/A       100%        7
 Ozocubu's Refrigeration  Ice            0%         4d5       100%        7
 Ignition                 Fire           0%         3d3       100%        8
 Maxwell's Capacitive Co  Air            0%         ∞         100%        8
 Animate Skeleton         Necr           Unusable   N/A       N/A         1
 Summon Small Mammal      Summ           Unusable   N/A       N/A         1
 Summon Ice Beast         Ice/Summ       Unusable   N/A       N/A         4
 Summon Forest            Summ/Tloc      Unusable   N/A       N/A         5
 Summon Hydra             Summ           Unusable   N/A       N/A         7

Dungeon Overview and Level Annotations

Branches:
Dungeon (14/15)            Temple (1/1) D:6            Lair (6/6) D:10
  Swamp (0/4) Lair:3       Spider (0/4) Lair:2        Slime (0/5) Lair:5
    Orc (2/2) D:10            Elf (0/3) Orc:2        Vaults (0/5) D:13
Ossuary (visited)          Bailey (visited)           IceCv (1/1)

Altars:
Ashenzari
Elyvilon
Fedhas
Gozag
Kikubaaqudgha
Okawaru
Ru
Sif Muna
Yredelemnul
Zin
Beogh

Shops:
Orc:2 **==


Innate Abilities, Weirdness & Mutations

You have a pair of horns on your head.
You reflexively headbutt those who attack you in melee.


Message History

The caustic shrike simulacrum claws you!
* * * LOW HITPOINT WARNING * * *
The caustic shrike simulacrum freezes you.
You resist.
* * * LOW HITPOINT WARNING * * *
The anaconda simulacrum barely misses you.
The anaconda simulacrum closely misses you.
The anaconda simulacrum constricts you.
* * * LOW HITPOINT WARNING * * *
You block the caustic shrike simulacrum's attack.
You feel much better.
You block the anaconda simulacrum's attack. x2
The anaconda simulacrum constricts you. The ettin simulacrum hits you!!
* * * LOW HITPOINT WARNING * * *
The ettin simulacrum freezes you. You resist.
* * * LOW HITPOINT WARNING * * *
The ettin simulacrum hits you but does no damage.
The caustic shrike simulacrum claws you but does no damage.
The eight-headed hydra simulacrum bites you but does no damage.
You block the eight-headed hydra simulacrum's attack.
The eight-headed hydra simulacrum closely misses you.
The eight-headed hydra simulacrum bites you.
* * * LOW HITPOINT WARNING * * *
The eight-headed hydra simulacrum freezes you.
You resist.
* * * LOW HITPOINT WARNING * * *
The eight-headed hydra simulacrum bites you but does no damage. x2
You block the eight-headed hydra simulacrum's attack.
The eight-headed hydra simulacrum bites you but does no damage.
You hit the ettin simulacrum.
You melt the ettin simulacrum.
You headbutt the ettin simulacrum!
The ettin simulacrum is moderately damaged.
You block the anaconda simulacrum's attack.
The anaconda simulacrum constricts you.
You block the anaconda simulacrum's attack.
The caustic shrike simulacrum claws you.
* * * LOW HITPOINT WARNING * * *
The caustic shrike simulacrum freezes you!
You resist.
You die...

####
####...##
##........
##Z........
##@Z........
#ZZZ....8..$
#.........?.
#.∩.∩....$[©
#.........?.
#.......8../
##..........
##.........
##........


You could see 2 anaconda simulacra, an eight-headed hydra simulacrum, an ettin
simulacrum and a caustic shrike simulacrum.

Vanquished Creatures
  Gastronok (Lair:3)
  Kirke (Lair:6)
  A fire giant (D:12)
  An orc warlord (Orc:2)
  The ghost of n00bb0dy the Fencer, a journeyman MiBe of Trog (Orc:1)
  A very ugly thing (IceCv)
  A vampire knight (D:12)
  Azrael (Orc:1)
  A fire dragon (Lair:6)
  A yaktaur captain (D:12)
  4 vault guards (D:13)
  9 hydras
  An ice dragon (D:12)
  6 boulder beetles
  2 death knights (D:13)
  A centaur warrior (D:13)
  2 ogre magi
  19 two-headed ogres
  Erica (D:10)
  Nergalle (D:11)
  6 skeletal warriors
  2 deep trolls (Orc:1)
  Pikel (D:9)
  2 lindwurms (Lair:6)
  A deep elf pyromancer (D:13)
  5 orc knights
  2 orc sorcerers
  4 oklob plants
  A deep elf zephyrmancer (Bailey)
  A manticore (D:12)
  8 cyclopes
  7 centaur zombies
  8 elephants
  4 black mambas
  2 gargoyles (D:13)
  5 torpor snails (Lair:6)
  2 unseen horrors
  6 cane toads
  3 rime drakes
  A kobold demonologist (D:12)
  A freezing wraith (D:13)
  9 komodo dragons
  An efreet (D:12)
  The ghost of Miritol the Stinger, a novice OpVM of Hepliaklqana (D:5)
  A queen bee (Lair:2)
  A troll (shapeshifter) (D:13)
  11 trolls
  3 polar bears
  8 hornets
  3 tyrant leeches (Lair:6)
  14 blink frogs
  6 dream sheep (Lair:5)
  5 culicivoras (Lair:2)
  A culicivora (shapeshifter) (D:13)
  4 shadows
  Sigmund (D:2)
  5 wraiths
  8 spriggans (D:8)
  28 yaks
  A hog (shapeshifter) (D:10)
  A dire elephant simulacrum (IceCv)
  3 fire elementals
  4 wyverns
  3 hogs
  A vampire (D:11)
  7 basilisks
  5 wargs
  7 vampire mosquitoes
  5 swamp worms (Lair:3)
  4 acid dragons
  11 water moccasins
  4 hell hounds
  A meliai simulacrum (D:12)
  An ice beast (D:5)
  2 sky beasts
  22 ogres
  25 orc warriors
  An alligator simulacrum (IceCv)
  4 black bears
  29 wolves
  11 centaurs
  A phantom (D:10)
  2 kobold brigands
  15 bullfrogs
  2 scorpions
  4 gnoll sergeants
  A troll zombie (D:10)
  A lindwurm simulacrum (IceCv)
  25 killer bees (Lair:2)
  13 wights
  2 howler monkeys
  6 electric eels
  A bullfrog zombie (D:6)
  4 hounds
  2 gnoll shamans
  2 bullfrog skeletons
  18 orc priests
  3 jellies
  Crazy Yiuf (D:6)
  Ijyb (D:3)
  Terence (D:2)
  15 iguanas
  16 orc wizards
  A killer bee zombie (D:9)
  5 ogre zombies (D:10)
  5 mummies (Ossuary)
  2 howler monkey skeletons
  Robin (D:3)
  17 gnolls
  5 adders
  An adder skeleton (D:4)
  4 worms
  3 dart slugs
  67 orcs
  3 endoplasms (D:2)
  3 giant cockroaches
  23 goblins
  19 hobgoblins
  7 jackals
  5 quokkas
  6 ball pythons
  7 bats
  20 frilled lizards
  A goblin skeleton (D:10)
  3 goblin zombies (D:10)
  A hobgoblin skeleton (D:10)
  5 hobgoblin zombies
  6 kobolds
  2 orc skeletons (D:10)
  10 orc zombies (D:10)
  A quokka skeleton (D:4)
  4 rats
763 creatures vanquished.

Vanquished Creatures (others)
  A tengu conjurer (D:13)
  An orc wizard (D:12)
  44 fungi
  72 plants
118 creatures vanquished.

Grand Total: 881 creatures vanquished

Notes
Turn   | Place    | Note
-------+----------+-------------------------------------------
     0 | D:1      | Peloso the Minotaur Fighter began the quest for the Orb.
     0 | D:1      | Reached XP level 1. HP: 19/19 MP: 0/0
   241 | D:1      | Reached XP level 2. HP: 27/27 MP: 1/1
   279 | D:1      | Got the Collected Works on Transmigration
   432 | D:1      | Reached skill level 4 in Shields
   549 | D:2      | Reached XP level 3. HP: 5/33 MP: 2/2
   903 | D:2      | Noticed Sigmund
   946 | D:3      | Found a faded altar of an unknown god.
  1077 | D:3      | Reached XP level 4. HP: 36/41 MP: 3/3
  1168 | D:3      | Noticed a black bear
  1179 | D:3      | Killed a black bear
  1180 | D:3      | Reached skill level 1 in Dodging
  1180 | D:3      | Reached XP level 5. HP: 37/47 MP: 4/4
  1538 | D:3      | Noticed Ijyb
  1544 | D:3      | Killed Ijyb
  1545 | D:3      | Found a basalt altar of Yredelemnul.
  1729 | D:3      | Noticed Robin
  1763 | D:3      | Killed Robin
  1923 | D:3      | Noticed an ogre
  1939 | D:3      | Reached skill level 5 in Long Blades
  1940 | D:3      | Killed an ogre
  1941 | D:3      | Reached XP level 6. HP: 55/55 MP: 5/5
  1949 | D:3      | Reached skill level 5 in Armour
  2665 | D:5      | Entered Level 5 of the Dungeon
  2757 | D:5      | Reached skill level 5 in Shields
  2867 | D:5      | Found a runed translucent gate.
  2867 | D:5      | Found a runed translucent gate.
  2867 | D:5      | Found a runed translucent gate.
  2867 | D:5      | Noticed Miritol's ghost (novice OpVM)
  2913 | D:5      | Reached skill level 5 in Fighting
  2913 | D:5      | Reached XP level 7. HP: 57/61 MP: 6/6
  3413 | D:6      | Noticed a vampire mosquito
  3429 | D:6      | Killed a vampire mosquito
  3604 | D:6      | Noticed a vampire mosquito
  3604 | D:6      | Noticed a vampire mosquito
  3606 | D:6      | Noticed a vampire mosquito
  3613 | D:6      | Killed a vampire mosquito
  3615 | D:6      | Killed a vampire mosquito
  3616 | D:6      | Reached XP level 8. HP: 50/70 MP: 7/7
  3617 | D:6      | Reached skill level 6 in Shields
  3755 | D:6      | Found a staircase to the Ecumenical Temple.
  3765 | Temple   | Entered the Ecumenical Temple
  3911 | Temple   | Became a worshipper of Warmaster Okawaru
  3951 | D:6      | Reached skill level 1 in Stealth
  4545 | D:6      | Reached * piety under Okawaru
  4859 | D:6      | Found a runed translucent door.
  4860 | D:6      | Noticed Crazy Yiuf
  5216 | D:6      | Killed Crazy Yiuf
  5664 | D:2      | Noticed Terence
  5674 | D:2      | Killed Terence
  5734 | D:2      | Killed Sigmund
  5735 | D:2      | Reached XP level 9. HP: 57/78 MP: 8/8
  5901 | D:7      | Found a flagged portal.
  6016 | Bailey   | Entered a bailey
  6277 | Bailey   | Reached skill level 7 in Shields
  6605 | Bailey   | Reached skill level 1 in Evocations
  6654 | Bailey   | Found a large runed translucent door.
  6654 | Bailey   | Found a large runed translucent door.
  6655 | Bailey   | Noticed a deep elf zephyrmancer
  6657 | Bailey   | Noticed an orc knight
  6693 | Bailey   | Killed an orc knight
  6693 | Bailey   | Reached ** piety under Okawaru
  6694 | Bailey   | Reached skill level 10 in Long Blades
  6868 | Bailey   | Killed a deep elf zephyrmancer
  6869 | Bailey   | Reached skill level 1 in Invocations
  7001 | D:7      | Reached XP level 10. HP: 70/86 MP: 9/9
  7328 | D:7      | Reached skill level 10 in Armour
  7673 | D:8      | Reached skill level 8 in Shields
  7767 | D:8      | Reached *** piety under Okawaru
  8109 | D:8      | Reached skill level 9 in Shields
  8115 | D:8      | Reached **** piety under Okawaru
  8135 | D:8      | Found a sand-covered staircase.
  8140 | Ossuary  | Entered an ossuary
  9486 | D:9      | Reached XP level 11. HP: 43/95 MP: 10/10
  9946 | D:9      | Noticed Pikel
  9953 | D:9      | Killed Pikel
 10392 | D:10     | Entered Level 10 of the Dungeon
 10864 | D:10     | Noticed Erica
 10870 | D:10     | Killed Erica
 10871 | D:10     | Reached skill level 10 in Shields
 10926 | D:10     | Found a staircase to the Lair.
 10932 | D:10     | Reached ***** piety under Okawaru
 11096 | D:10     | Found a staircase to the Orcish Mines.
 11744 | D:11     | Identified the +2 pair of gloves "Xaewesovua" {Will+}
                  | (Okawaru gifted it to you on level 11 of the Dungeon)
 11744 | D:11     | Received a gift from Okawaru
 11791 | D:11     | Reached skill level 10 in Fighting
 11959 | D:11     | Noticed a two-headed ogre
 11967 | D:11     | Killed a two-headed ogre
 12082 | D:11     | Noticed Nergalle
 12100 | D:11     | Killed Nergalle
 12442 | Lair:1   | Entered Level 1 of the Lair of Beasts
 12455 | Lair:1   | Reached skill level 11 in Shields
 12618 | Lair:1   | Reached XP level 12. HP: 79/106 MP: 11/11
 12819 | Lair:1   | Noticed an eight-headed hydra
 12830 | Lair:1   | Killed a four-headed hydra
 12926 | Lair:1   | You are sucked into a shaft and drop 1 floor!
 13095 | Lair:2   | Found a hole to the Spider Nest.
 13137 | Lair:2   | Reached skill level 12 in Shields
 14632 | Lair:2   | Reached skill level 13 in Shields
 15129 | Lair:1   | Found a shimmering blue altar of Sif Muna.
 15310 | Lair:1   | Found a blossoming altar of Fedhas.
 15864 | Lair:3   | Noticed Gastronok
 15878 | Lair:3   | Killed Gastronok
 15878 | Lair:3   | Identified the +7 plate armour of Gallantry {rC+ Will-
                  | Int+2} (Okawaru gifted it to you on level 3 of the Lair of
                  | Beasts)
 15878 | Lair:3   | Received a gift from Okawaru
 15879 | Lair:3   | Reached skill level 15 in Long Blades
 16134 | Lair:3   | Noticed a six-headed hydra
 16134 | Lair:3   | Noticed a seven-headed hydra
 16170 | Lair:3   | Killed a five-headed hydra
 16579 | Lair:3   | Reached skill level 14 in Shields
 16708 | Lair:3   | Noticed a five-headed hydra
 16720 | Lair:3   | Killed a one-headed hydra
 16846 | Lair:3   | Reached XP level 13. HP: 116/116 MP: 13/13
 17218 | Lair:3   | Found a staircase to the Swamp.
 17616 | Lair:4   | Reached skill level 15 in Shields
 17648 | Lair:4   | Identified the +1 plate armour "Veqerixe" {rElec Int-5
                  | Dex+2} (Okawaru gifted it to you on level 4 of the Lair of
                  | Beasts)
 17648 | Lair:4   | Received a gift from Okawaru
 19238 | Lair:5   | Reached skill level 16 in Shields
 19895 | Lair:5   | Found a staircase to the Slime Pits.
 20725 | D:12     | Reached ****** piety under Okawaru
 20749 | D:12     | Identified the +4 mace "Newtslayer" {vamp, Str+2 Int+2}
 21487 | D:12     | Identified the +0 ring mail of Hadjma {rElec Str+4 Int-5}
                  | (Okawaru gifted it to you on level 12 of the Dungeon)
 21487 | D:12     | Received a gift from Okawaru
 21602 | D:12     | Noticed a fire giant
 21624 | D:12     | Killed a fire giant
 21625 | D:12     | Reached skill level 17 in Shields
 22054 | D:12     | Reached XP level 14. HP: 76/127 MP: 12/14
 22519 | D:12     | Noticed a vampire knight
 22540 | D:12     | Killed a vampire knight
 23538 | Orc:1    | Entered Level 1 of the Orcish Mines
 23570 | Orc:2    | Entered Level 2 of the Orcish Mines
 23655 | Orc:2    | Noticed Azrael
 23764 | Orc:1    | Identified the +4 cloak "Vooleshy" {-Tele rCorr Str+5}
                  | (Okawaru gifted it to you on level 1 of the Orcish Mines)
 23764 | Orc:1    | Received a gift from Okawaru
 23843 | Orc:1    | Reached skill level 18 in Shields
 25020 | Orc:2    | Paralysed by an ogre mage for 3 turns
 25474 | Orc:1    | Killed Azrael
 25999 | Orc:2    | Found Tomelees's Jewellery Emporium.
 26002 | Orc:2    | Found Eteen's General Store.
 26004 | Orc:2    | Found Zuoq's Jewellery Shoppe.
 26004 | Orc:2    | Found a staircase to the Elven Halls.
 26005 | Orc:2    | Found Guluil's General Store.
 26378 | Orc:2    | Bought a scroll of identify for 28 gold pieces
 26378 | Orc:2    | Bought a scroll of enchant weapon for 105 gold pieces
 26731 | Orc:1    | Reached skill level 19 in Shields
 26999 | Orc:2    | Received a gift from Okawaru
 27140 | Orc:2    | Reached skill level 15 in Armour
 27255 | Orc:1    | Found a transporter.
 27527 | Orc:1    | Noticed an orc warlord
 27529 | Orc:1    | Reached XP level 15. HP: 88/135 MP: 15/15
 27694 | Orc:2    | Killed an orc warlord
 28044 | Orc:1    | Noticed n00bb0dy's ghost (journeyman MiBe)
 28263 | Lair:6   | Entered Level 6 of the Lair of Beasts
 28292 | Lair:6   | Found a runed translucent door.
 28546 | Lair:6   | Paralysed by a hornet for 3 turns
 28815 | Lair:6   | Noticed Kirke
 29023 | Lair:6   | Killed Kirke
 30230 | D:5      | Killed Miritol's ghost
 30484 | Lair:1   | Reached skill level 20 in Shields
 31227 | Orc:1    | Found a transporter.
 31278 | Orc:1    | Killed n00bb0dy's ghost
 31278 | Orc:1    | Received a gift from Okawaru
 31756 | D:13     | Found a gate to the Vaults.
 32936 | D:14     | Found a frozen archway.
 32981 | IceCv    | Entered an ice cave
 33007 | IceCv    | HP: 5/138 [caustic shrike simulacrum (3)]
 33007 | IceCv    | Slain by a caustic shrike simulacrum

Illustrated notes

Levels and vault maps discovered:
D:1:      ncdulo_lavacross, layout_basic
D:2:      layout_rooms, grunt_ministairs_3, uniq_terence, uniq_sigmund
D:3:      kennysheep_six_static_rooms, layout_loops_ring,
          overflow_temple_1_default, shapermc_ecumenical_altar_gd,
          minmay_ogre_servants, uniq_ijyb, uniq_robin
D:4:      layout_cave_pools
D:5:      layout_basic, gammafunk_ghost_split
D:6:      layout_basic, minmay_temple_entry_tees, uniq_crazy_yiuf_cottage
D:7:      layout_basic, enter_bailey_6
D:8:      kb_forest_paths, layout_loops_cross, enter_ossuary_2
D:9:      layout_roguey, nrook_mini_backslash, uniq_pikel
D:10:     layout_basic, erik_lair_orcish_takeover, zombieorc1_lemuel,
          serial_bayou_ford_a, uniq_erica
D:11:     layout_basic, uniq_nergalle
D:12:     evilmike_diamond_2, layout_rooms
D:13:     layout_roguey, lightli_vaults_fourway_checkpoint
D:14:     layout_cave_pools, serial_park, serial_park_paths
          [serial_park_minivault_5x5_8], serial_park_tiny_2, serial_park_square3
          [serial_park_minivault_5x5_4], serial_park_square3
          [serial_park_minivault_5x5_6], minmay_misc_feat_encased,
          portal_ice_cave_entry_pillars_four
Temple:   mainiacjoe_temple_trianglar_array
Lair:1:   layout_chaotic_city, basic_altar, hangedman_tree_tricks,
          lemuel_fruit_tree, grunt_megastairs_3, serial_bayou_shore_a
Lair:2:   layout_cellular_growth, hellmonk_spider_entry_life_and_decay,
          special_room [special_room_bee]
Lair:3:   layout_gridlike, palyth_hydra_swamp_entry, minivault_27,
          chequers_serial_rivers_micro_d, nicolae_quartered_pool_little,
          uniq_gastronok
Lair:4:   layout_loops_ring, grunt_megastairs_2, lemuel_fruit_fields,
          lemuel_fruit_fields
Lair:5:   lemuel_reptile_caves, layout_gridlike, minmay_slime_entry_oklob_open,
          lookout_lair_type
Lair:6:   wormcave, layout_regular_city, infiniplex_staircase_pool_2, uniq_kirke
Orc:1:    layout_diamond_mine, gammafunk_ghost_smash, minmay_orc_temple_a
Orc:2:    st_orc_open, layout_caves, uniq_azrael
IceCv:    ice_cave_statue_garden_transporter

Skill      XL: |  1  2  3  4  5  6  7  8  9 10 11 12 13 14 15 |
---------------+----------------------------------------------+-----
Fighting       | 4 5 6 7 8 10 11 12 13 14 | 14.1
Shields        | 4 5 6 7 9 11 14 17 19 20 | 20.6
Long Blades    | 3 4 5 6 7 9 10 12 14 15 16 17 | 17.2
Armour         | 4 5 6 8 9 10 11 12 13 15 | 15.4
Dodging        | 1 2 |  2.8
Stealth        | 1 |  1.8
Evocations     | 1 |  1.7
Invocations    | 1 2 3 |  3.2

Action                   |  1- 3 |  4- 6 |  7- 9 | 10-12 | 13-15 || total
-------------------------+-------+-------+-------+-------+-------++-------
Melee: Long sword        |    79 |   157 |   204 |       |       ||   440
       Headbutt          |    12 |    26 |    43 |   165 |   386 ||   632
       Scimitar          |       |       |    64 |   443 |   761 ||  1268
       Falchion          |       |       |       |   109 |   771 ||   880
       Double sword      |       |       |       |   345 |       ||   345
       Unarmed           |       |       |       |       |     1 ||     1
Invok: Heroism           |       |       |     6 |     7 |    41 ||    54
Evoke: Wand              |       |       |    12 |       |     6 ||    18
  Use: Scroll            |       |     3 |       |    11 |    18 ||    32
       Potion            |       |       |     1 |     3 |    10 ||    14
Armor: Scale mail        |    66 |     2 |       |       |       ||    68
       Plate armour      |       |   145 |   141 |       |       ||   286
       Crystal plate arm |       |       |    73 |   668 |   602 ||  1343
       Chain mail        |       |       |       |       |    70 ||    70
       Ice dragon scales |       |       |       |       |    45 ||    45
Dodge: Dodged            |    43 |    70 |   103 |   111 |   254 ||   581
Block: Buckler           |    32 |    53 |    53 |       |       ||   138
       Kite shield       |       |       |    66 |   240 |       ||   306
       Tower shield      |       |       |       |   747 |  1973 ||  2720
       Reflection        |       |       |       |     3 |    33 ||    36
       Other             |       |       |       |       |     1 ||     1
